 Dungeon Crawl Stone Soup version 0.26-a0-652-gafc20e3620 (webtiles) character file.

Game seed: 8505156919237247997

9 P0NYSLAYSTATION the Grave Robber (level 2, 0/22 HPs)
             Began as a Hill Orc Necromancer on Oct 1, 2020.
             Slain by a jackal (1 damage)
             ... on level 1 of the Dungeon.
             The game lasted 00:02:40 (210 turns).

P0NYSLAYSTATION the Grave Robber (HONe)              Turns: 210, Time: 00:02:40

Health: 0/22       AC:  2    Str: 10    XL:     2   Next: 12%
Magic:  0/4        EV: 12    Int: 15    God:
Gold:   19         SH:  0    Dex: 11    Spells: 2/4 levels left

rFire    . . .     SeeInvis .   (no weapon)
rCold    . . .     Faith    .   (no shield)
rNeg     . . .     Spirit   .   a - +0 robe
rPois    .         Reflect  .   (no helmet)
rElec    .         Harm     .   (no cloak)
rCorr    .         Rampage  .   (no gloves)
MR       .....                  (no boots)
Stlth    ++........             (no amulet)
HPRegen  0.07/turn              (no ring)
MPRegen  0.09/turn              (no ring)

@: very slightly contaminated
A: no striking features
a: no special abilities


You were on level 1 of the Dungeon.
You visited 1 branch of the dungeon, and saw 2 of its levels.

You collected 19 gold pieces.

Inventory:

Missiles
 e - 12 stones (quivered)
Armour
 a - a +0 robe (worn)
 b - a +0 chain mail
Scrolls
 d - 4 scrolls of remove curse {unknown}
Potions
 c - a potion of haste {unknown}


   Skills:
 * Level 0.8 Fighting
 * Level 0.7 Armour
 + Level 1.6 Dodging
 + Level 1.5 Stealth
 + Level 0.1 Unarmed Combat
 + Level 1.6 Spellcasting
 + Level 4.1 Necromancy


You had 2 spell levels left.
You knew the following spells:

 Your Spells              Type           Power        Failure   Level
a - Pain                  Necr           ##..         4%          1
b - Animate Skeleton      Necr           ##....       4%          1

Your spell library contained the following spells:

 Spells                   Type           Power        Failure   Level
 Vampiric Draining        Necr           ##........   13%         3
 Animate Dead             Necr           ##........   38%         4
 Agony                    Necr           ##......     75%         5


Dungeon Overview and Level Annotations

Branches:
Dungeon (2/15)

Altars:


Message History

Press: ? - help, Shift-Dir - straight line, f/p - jackal
Aim: a jackal (moderately wounded, chance to defeat MR: 83%)
You miscast Pain.
You are very lightly contaminated with residual magic.
Nothing appears to happen.
The jackal bites you.
* * * LOW HITPOINT WARNING * * *
You hit the jackal.
The jackal is heavily wounded.
The jackal closely misses you.
You completely miss the jackal.
The jackal is heavily wounded.
The jackal barely misses you. The jackal closely misses you.
You miss the jackal.
The jackal is heavily wounded.
The jackal bites you.
* * * LOW HITPOINT WARNING * * *
You closely miss the jackal.
The jackal is heavily wounded.
The jackal barely misses you. The jackal bites you.
You die...

#....... ##.. #.####.#
... #.# #..# #.. #..
#####..# #.######.
##......## ##......#.
#..≈≈≈≈..####.§≈≈≈≈...
#.≈≈≈≈≈≈......§≈≈§≈≈..
#.≈≈h@≈≈......≈§§§§§..
#.≈h≈≈≈≈......≈≈≈≈§≈..
#.g≈≈≈≈...#....≈≈≈≈...
##h......##.#.......##
#.####.###.#########
#..........#
##########Z# #.# #.#


You could see 3 jackals and a goblin.

Vanquished Creatures
  2 leopard geckos (D:1)
  3 jackals (D:1)
  A frilled lizard (D:1)
6 creatures vanquished.

Notes
Turn   | Place    | Note
-------+----------+-------------------------------------------
     0 | D:1      | P0NYSLAYSTATION the Hill Orc Necromancer began the quest
                  | for the Orb.
     0 | D:1      | Reached XP level 1. HP: 14/14 MP: 3/3
    52 | D:1      | Learned a level 1 spell: Animate Skeleton
   120 | D:1      | Reached XP level 2. HP: 13/22 MP: 0/4
   209 | D:1      | HP: 1/22 [jackal (1)]
   210 | D:1      | Slain by a jackal

Illustrated notes

Levels and vault maps discovered:
D:1:      dpeg_arrival_pits, layout_basic
D:2:      layout_basic, grunt_temple_overflow_open, uniq_crazy_yiuf_cottage

Action                   || total
-------------------------++-------
Melee: Unarmed           ||    26
 Cast: Pain              ||    10
       Animate Skeleton  ||     3
Armor: Robe              ||     6
Dodge: Dodged            ||    43

Table legend: (Time is in decaauts)
 A = Elapsed time spent in this place.
 B = Non-inter-level travel time spent in this place.
 C = Inter-level travel time spent in this place.
 D = Time resting spent in this place.
 E = Time spent auto-exploring this place.
 F = Levels seen in this place.
 G = Mean time per level.
                   A        B        C        D        E       F      G
               +--------+--------+--------+--------+--------+-----+--------+
         Total |    211 |    132 |     79 |      0 |     30 |   2 |  105.5 |
       Dungeon |    211 |    132 |     79 |      0 |     30 |   2 |  105.5 |
               +--------+--------+--------+--------+--------+-----+--------+

Top non-repeatable levels by time:
     D:1: 207 daAuts
     D:2: 4 daAuts
